 Dungeon Crawl Stone Soup version 0.21.1-1-g345015f (webtiles) character file.

739 VLARC the Skirmisher (level 7, -6/99 HPs)
             Began as a Minotaur Artificer on Mar 5, 2018.
             Mangled by a two-headed ogre
             ... wielding a +0 giant spiked club
              (10 damage)
             ... on level 4 of the Dungeon.
             The game lasted 00:05:26 (3367 turns).

VLARC the Skirmisher (Minotaur Artificer)           Turns: 3367, Time: 00:05:27

Health: -6/99      AC: 23    Str: 18    XL:     7   Next: 46%
Magic:  10/10      EV:  2    Int: 12    God:
Gold:   234        SH:  0    Dex: 11    Spells: 6/6 levels left

rFire    + . .     SeeInvis .   A - +0 flail
rCold    x . .     Gourm    .   (no shield)
rNeg     + + +     Faith    .   (armour currently unavailable)
rPois    +         Spirit   .   (helmet currently unavailable)
rElec    .         Reflect  .   (cloak currently unavailable)
rCorr    .         Harm     .   (gloves currently unavailable)
MR       .....     NoTele   +   (boots currently unavailable)
Stlth    +.........             (no amulet)
HPRegen  0.26/turn              n - +4 ring of intelligence
MPRegen  0.12/turn              p - ring of fire (curse)

@: tree-form
A: (retaliatory headbutt)
a: no special abilities


You were on level 4 of the Dungeon.
You were very hungry.
You were a tree.
You visited 1 branch of the dungeon, and saw 5 of its levels.

You collected 234 gold pieces.

Inventory:

Hand Weapons
 a - a +0 short sword
 t - a +0 mace
 A - a +0 flail (weapon)
Armour
 u - a +0 cloak (melded)
 E - a +0 plate armour (melded)
Jewellery
 n - a +4 ring of intelligence (left branch)
 p - a cursed ring of fire (right branch)
Wands
 c - a wand of flame (4)
 d - a wand of enslavement (13)
 e - a wand of random effects (9)
Scrolls
 g - a scroll of remove curse {unknown}
 i - 4 scrolls of identify {unknown}
 k - 3 scrolls of teleportation {unknown}
 o - a scroll of random uselessness {unknown}
 x - 2 scrolls of magic mapping {unknown}
 y - a scroll of enchant weapon {unknown}
Potions
 b - a potion of lignification
 h - 3 potions of curing {unknown}
 j - a potion of flight {unknown}
 m - 2 potions of agility {unknown}
 q - a potion of might {unknown}
 r - a potion of heal wounds {unknown}
 s - 2 potions of degeneration {unknown}
 v - a potion of mutation {unknown}
 w - a potion of brilliance {unknown}
 z - a potion of magic {unknown}
 C - a potion of cancellation {unknown}
 D - a potion of resistance {unknown}
Comestibles
 f - 4 rations


   Skills:
 + Level 7.0 Fighting
 - Level 1.1 Short Blades
 + Level 2.7 Maces & Flails
 - Level 2.1 Dodging
 - Level 0.7 Stealth
 - Level 5.5 Evocations


You had 6 spell levels left.
You didn't know any spells.

Dungeon Overview and Level Annotations

Branches:
Dungeon (5/15)
 Temple: D:4-7

Altars:
Elyvilon
Sif Muna

Annotations:
D:3 Anonimus's ghost, novice GnFi


Innate Abilities, Weirdness & Mutations

((You reflexively headbutt those who attack you in melee.))
((You have a pair of horns on your head.))


Message History

* * * LOW HITPOINT WARNING * * *
The two-headed ogre hits you with a giant club!
* * * LOW HITPOINT WARNING * * *
It was a potion of lignification.
You turn into a tree.
Your +0 cloak melds into your body.
Your +0 plate armour melds into your body.
Your roots penetrate the ground.
The two-headed ogre barely misses you.
The two-headed ogre hits you but does no damage.
You are feeling very hungry.
You hit the two-headed ogre.
The two-headed ogre is lightly wounded.
The two-headed ogre hits you with a giant spiked club.
* * * LOW HITPOINT WARNING * * *
The two-headed ogre hits you but does no damage.
You hit the two-headed ogre but do no damage.
The two-headed ogre is lightly wounded.
The two-headed ogre hits you with a giant spiked club.
* * * LOW HITPOINT WARNING * * *
The two-headed ogre hits you with a giant club!
You die...

##### #####
#...########....
#...............
#######...########.#.#
#...O♣...## #....
#.######## #...# #.#
#.... #.# #######...#
#.# #.........# ####.#
#.#####.#.# #....# #.#
#.#.# #.#### #.# #.#.#
#.# ##.## #.#..


You could see a two-headed ogre.

Vanquished Creatures
  Grinder (D:4)
  The ghost of letownia2 the Destroyer, an amateur TeCj (D:5)
  An ogre (D:4)
  A centaur (D:5)
  A water moccasin skeleton (D:4)
  An orc priest (D:4)
  A bullfrog skeleton (D:4)
  A worker ant (D:4)
  A worker ant zombie (D:5)
  2 gnolls (D:4)
  3 adders (D:2)
  An ooze (D:1)
  3 worms
  2 dart slugs
  A leopard gecko (D:3)
  3 orcs
  A ball python (D:3)
  3 bats
  3 giant cockroaches
  4 goblins
  5 hobgoblins
  8 jackals
  4 quokkas
  4 frilled lizards
  4 kobolds (D:2)
  3 rats (D:2)
63 creatures vanquished.

Vanquished Creatures (collateral kills)
  A gnoll (D:4)
1 creature vanquished.

Vanquished Creatures (others)
  A gnoll (D:4)
1 creature vanquished.

Grand Total: 65 creatures vanquished

Notes
Turn   | Place    | Note
-------+----------+-------------------------------------------
     0 | D:1      | VLARC the Minotaur Artificer began the quest for the Orb.
     0 | D:1      | Reached XP level 1. HP: 16/16 MP: 1/1
   557 | D:1      | Reached skill level 2 in Fighting
   557 | D:1      | Reached XP level 2. HP: 21/24 MP: 1/3
   867 | D:2      | Reached XP level 3. HP: 30/30 MP: 4/4
   951 | D:2      | Reached skill level 3 in Fighting
  1566 | D:3      | Reached XP level 4. HP: 38/38 MP: 5/5
  1581 | D:3      | Noticed Anonimus's ghost (novice GnFi)
  2037 | D:4      | HP: 2/40 [gnoll/halberd (6)]
  2038 | D:4      | Reached skill level 4 in Fighting
  2372 | D:4      | Noticed an ogre
  2377 | D:4      | Killed an ogre
  2377 | D:4      | Reached XP level 5. HP: 47/47 MP: 7/7
  2389 | D:4      | Reached skill level 5 in Fighting
  2717 | D:4      | Found a white marble altar of Elyvilon.
  2722 | D:4      | Reached XP level 6. HP: 56/56 MP: 8/8
  2748 | D:4      | Noticed Grinder
  2759 | D:4      | Paralysed by Grinder for 3 turns
  2766 | D:4      | Paralysed by Grinder for 2 turns
  2774 | D:4      | Killed Grinder
  2774 | D:4      | Reached skill level 6 in Fighting
  2774 | D:4      | Reached skill level 5 in Evocations
  2794 | D:4      | Found a deep blue altar of Sif Muna.
  2900 | D:4      | Reached XP level 7. HP: 52/64 MP: 10/10
  2925 | D:5      | Entered Level 5 of the Dungeon
  2970 | D:5      | Noticed letownia2's ghost (amateur TeCj)
  2978 | D:5      | Killed letownia2's ghost
  3130 | D:5      | Reached skill level 7 in Fighting
  3160 | D:5      | Noticed a two-headed ogre
  3341 | D:4      | HP: 2/66 [two-headed ogre/giant spiked club (16)]
  3367 | D:4      | HP: 4/99 [two-headed ogre/giant spiked club (1)]
  3367 | D:4      | Mangled by a two-headed ogre

Skill      XL: |  1  2  3  4  5  6  7 |
---------------+----------------------+-----
Fighting       | 2 3 4 5 6 7 |  7.0
Evocations     | 3 4 5 |  5.5
Maces & Flails | 2 |  2.7
Short Blades   | |  1.1
Dodging        | |  2.1
Stealth        | |  0.7

Action                   |  1- 3 |  4- 6 |  7- 9 || total
-------------------------+-------+-------+-------++-------
Melee: Short sword       |    27 |       |       ||    27
       Headbutt          |    12 |    15 |     5 ||    32
       Mace              |    60 |    41 |       ||   101
       Flail             |       |    56 |    23 ||    79
Evoke: Wand              |       |    11 |     8 ||    19
  Use: Potion            |       |       |     1 ||     1
  Eat: Chunk             |     2 |     4 |     1 ||     7
Armor: Chain mail        |    56 |    52 |       ||   108
       Leather armour    |     2 |       |       ||     2
       Plate armour      |       |    29 |    10 ||    39
       Skin              |       |       |     1 ||     1
Dodge: Dodged            |    37 |    44 |    16 ||    97
